 Dungeon Crawl Stone Soup version 0.29.1-1-gd02db6906a (webtiles) character file.

Game seed: 10797526492184118544

60 idk333 the Chopper (level 3, 0/30 HPs)
             Began as a Minotaur Gladiator on Sept 23, 2022.
             Succumbed to an adder's poison
             ... on level 2 of the Dungeon.
             The game lasted 00:07:22 (1338 turns).

idk333 the Chopper (Minotaur Gladiator)             Turns: 1338, Time: 00:07:22

Health: 0/30       AC:  3    Str: 20    XL:     3   Next: 82%
Magic:  2/2        EV: 12    Int:  5    God:
Gold:   39         SH:  0    Dex: 11    Spells: 2/2 levels left

rFire   . . .      SeeInvis .   a - +0 war axe
rCold   . . .      Faith    .   (no shield)
rNeg    . . .      Spirit   .   b - +0 leather armour
rPois   .          Reflect  .   c - +0 hat
rElec   .          Harm     .   (no cloak)
rCorr   .          Rampage  .   (no gloves)
Will    .....                   (no boots)
Stlth   +.........              (no amulet)
HPRegen 0.10/turn               (no ring)
MPRegen 0.08/turn               (no ring)

@: lethally poisoned (0 -> -2)
A: horns 2, retaliatory headbutt
a: no special abilities


You were on level 2 of the Dungeon.
You visited 1 branch of the dungeon, and saw 2 of its levels.

You collected 39 gold pieces.

Inventory:

Hand Weapons
 a - a +0 war axe (weapon)
Missiles
 d - 3 throwing nets (quivered)
 e - a javelin
Armour
 b - a +0 leather armour (worn)
 c - a +0 hat (worn)
Scrolls
 f - a scroll of poison {unknown}
 g - a scroll of identify {unknown}
 k - 3 scrolls of blinking {unknown}
Potions
 h - 3 potions of degeneration {unknown}
 i - 2 potions of flight {unknown}
 j - a potion of resistance {unknown}
 l - 2 potions of might {unknown}


   Skills:
 + Level 2.8 Fighting
 + Level 4.7 Axes
 + Level 2.1 Throwing
 + Level 1.7 Armour
 + Level 3.7 Dodging


You had 2 spell levels left.
You didn't know any spells.
Your spell library contained the following spells:

 Spells                   Type           Power      Damage    Failure   Level
 Beastly Appendage        Tmut           0%         N/A       52%         1
 Wereblood                Tmut           0%         N/A       67%         2
 Spider Form              Tmut/Pois      0%         N/A       88%         3
 Fulminant Prism          Conj/Hex       0%         3d6       99%         4
 Iskenderun's Mystic Bla  Conj/Tloc      0%         2d3       99%         4
 Lee's Rapid Deconstruct  Erth           0%         3d5*      100%        5


Dungeon Overview and Level Annotations

Branches:
Dungeon (2/15)

Altars:


Innate Abilities, Weirdness & Mutations

You have a pair of horns on your head.
You reflexively headbutt those who attack you in melee.


Message History

The adder barely misses you. You furiously retaliate!
You headbutt the adder. The ball python bites you.
The ball python constricts you. The adder bites you.
You are poisoned.
The adder poisons you! The ball python barely misses you.
The ball python constricts you.
You closely miss the adder.
The adder is lightly wounded.
You hit the ball python.
You kill the ball python!
You feel sick. The adder bites you.
You are more poisoned.
The adder poisons you!
You hit the worm. Your headbutt misses the worm.
The worm is lightly wounded.
You miss the adder.
You feel sick. The adder bites you. The adder closely misses you.
You furiously retaliate!
You headbutt the adder. The worm bites you!
* * * LOW HITPOINT WARNING * * *
You hit the worm. You headbutt the worm.
The worm is heavily wounded.
You miss the adder.
* * * LOW HITPOINT WARNING * * *
You feel sick. The adder bites you.
* * * LOW HITPOINT WARNING * * *
The adder closely misses you. The worm barely misses you.
You closely miss the adder.
The adder is severely wounded.
You barely miss the worm.
* * * LOW HITPOINT WARNING * * *
You feel sick. The adder misses you. You furiously retaliate!
You headbutt the adder.
You kill the adder!
You slash the worm!
You headbutt the worm, but do no damage.
The worm is almost dead.
* * * LOW HITPOINT WARNING * * *
You feel sick. The worm bites you but does no damage.
You slash the worm!
You kill the worm!
You die...

#...# ##..#.##
.#### #...#
#..#..# # #####
###..##.##. #
#.......... ...
#......##.. ...
#......# [..
#......###..
...
#######........
..
#.....?@######.
#.$...#....$...
#.....#.....###
#.... .##.##.#
##### # .. .#
... ... ....


There were no monsters in sight!

Vanquished Creatures
  A gnoll (D:1)
  2 adders (D:2)
  A worm (D:2)
  A bat (D:1)
  2 endoplasms (D:1)
  A giant cockroach (D:2)
  5 goblins
  2 hobgoblins (D:1)
  2 jackals (D:2)
  2 quokkas (D:1)
  6 ball pythons
  2 frilled lizards
  2 kobolds
  A rat (D:1)
30 creatures vanquished.

Notes
Turn   | Place    | Note
-------+----------+-------------------------------------------
     0 | D:1      | idk333 the Minotaur Gladiator began the quest for the Orb.
     0 | D:1      | Reached XP level 1. HP: 18/18 MP: 0/0
   125 | D:1      | Reached XP level 2. HP: 10/25 MP: 1/1
   307 | D:1      | Reached skill level 4 in Axes
   808 | D:1      | Reached XP level 3. HP: 29/30 MP: 2/2
  1269 | D:2      | Reached skill level 1 in Armour
  1337 | D:2      | HP: 1/30 [poisoned by an adder]
  1338 | D:2      | Succumbed to an adder's poison

Illustrated notes

Levels and vault maps discovered:
D:1:      dpeg_arrival_shelter, layout_basic, minmay_vboxes
D:2:      layout_rooms, shapermc_ecumenical_altar_starsandcircs, st_stairs_7

Skill      XL: |  1  2  3 |
---------------+----------+-----
Axes           | 4 |  4.7
Armour         | 1 |  1.7
Fighting       | |  2.8
Throwing       | |  2.1
Dodging        | |  3.7

Action                   || total
-------------------------++-------
Melee: War axe           ||    46
       Headbutt          ||     8
Armor: Leather armour    ||    34
Dodge: Dodged            ||    64
